 Dungeon Crawl Stone Soup version 0.27.1-3-gb3d3a73c9e (webtiles) character file.

Game seed: 16235781320046499264

5118 Urokeeper the Covert (level 10, -8/80 HPs)
             Began as a Human Brigand on Oct 5, 2021.
             Was a Priest of Makhleb.
             Mangled by a boulder beetle (24 damage)
             ... on level 10 of the Dungeon.
             The game lasted 00:45:48 (12159 turns).

Urokeeper the Covert (Human Brigand)               Turns: 12159, Time: 00:45:48

Health: -8/80      AC:  9    Str: 14    XL:     10   Next: 88%
Magic:  10/10      EV: 16    Int: 13    God:    Makhleb [***...]
Gold:   442        SH:  0    Dex: 14    Spells: 9/9 levels left

rFire    x . .     SeeInvis .   g - +2 short sword (speed)
rCold    + . .     Faith    .   (no shield)
rNeg     . . .     Spirit   .   x - +3 leather armour {rPois}
rPois    +         Reflect  .   (no helmet)
rElec    .         Harm     .   I - +0 cloak
rCorr    .         Rampage  .   u - +0 pair of gloves
Will     .....                  (no boots)
Stlth    ++++......             (no amulet)
HPRegen  0.23/turn              y - +4 ring of evasion
MPRegen  0.12/turn              t - ring of ice

@: no status effects
A: no striking features
a: Renounce Religion, Minor Destruction, Lesser Servant of Makhleb


You were on level 10 of the Dungeon.
You worshipped Makhleb.
Makhleb was most pleased with you.
You visited 2 branches of the dungeon, and saw 11 of its levels.

You collected 442 gold pieces.

Inventory:

Hand Weapons
 a - a +2 dagger
 g - a +2 short sword of speed (weapon)
Missiles
 d - 37 poisoned darts
 m - 15 javelins
Armour
 b - a +0 robe
 c - a +0 cloak
 f - a +0 ring mail
 o - a +0 scale mail
 u - a +0 pair of gloves (worn)
 x - a +3 leather armour of poison resistance (worn)
 I - a +0 cloak (worn)
Jewellery
 q - a ring of flight
 t - a ring of ice (right hand)
 y - a +4 ring of evasion (left hand)
Wands
 B - a wand of flame (6)
 E - a wand of acid (5) (quivered)
 F - a wand of polymorph (7)
Scrolls
 j - a scroll of magic mapping
 n - a scroll of torment {unknown}
 p - a scroll of teleportation
 s - 8 scrolls of amnesia
 H - a scroll of vulnerability
 J - a scroll of immolation {unknown}
 K - a scroll of summoning {unknown}
 L - a scroll of fog
Potions
 e - a potion of degeneration {unknown}
 h - 2 potions of brilliance
 i - 3 potions of curing
 k - a potion of might {unknown}
 l - a potion of mutation {unknown}
 r - a potion of flight
 A - a potion of haste {unknown}
 D - a potion of resistance {unknown}
Miscellaneous
 v - a lightning rod (inert)


   Skills:
 + Level 7.7 Fighting
 + Level 7.8 Short Blades
 - Level 2.0 Throwing
 + Level 7.4 Armour
 + Level 3.0 Dodging
 + Level 9.2 Stealth


You had 9 spell levels left.
You didn't know any spells.
Your spell library contained the following spells:

 Spells                   Type           Power      Damage    Failure   Level
 Foxfire                  Conj/Fire      0%         2x1d4     36%         1
 Corpse Rot               Necr/Air       N/A        N/A       50%         2
 Conjure Flame            Conj/Fire      0%         6-21      73%         3
 Ignite Poison            Fire/Tmut/Pois 0%         N/A       73%         3
 Inner Flame              Hex/Fire       0%         N/A       73%         3
 Mephitic Cloud           Conj/Pois/Air  0%         N/A       73%         3
 Dispel Undead            Necr           0%         3d6       98%         4
 Bolt of Magma            Conj/Fire/Erth 0%         4d4       100%        5
 Summon Forest            Summ/Tloc      0%         N/A       100%        5
 Summon Mana Viper        Hex/Summ       0%         N/A       100%        5
 Death Channel            Necr           0%         N/A       100%        6
 Shadow Creatures         Summ           N/A        N/A       100%        6


Dungeon Overview and Level Annotations

Branches:
Dungeon (10/15)            Temple (1/1) D:4             Orc (0/2) D:9
   Lair: D:8-11

Altars:
Ashenzari
Cheibriados
Elyvilon
Fedhas
Gozag
Kikubaaqudgha
Makhleb
Nemelex Xobeh
Okawaru
Qazlal
Sif Muna
Trog
Uskayaw
Wu Jian
Xom
Yredelemnul
Zin
The Shining One

Shops:
D:3 (

Annotations:
D:4 2 runed translucent doors


Message History

The boulder beetle is lightly wounded.
The orc completely misses you.
You hit the boulder beetle but do no damage.
The boulder beetle is lightly wounded.
The boulder beetle barely misses you. The orc closely misses you.
You hit the boulder beetle but do no damage.
The boulder beetle is lightly wounded.
The orc hits you but does no damage.
You hit the boulder beetle but do no damage.
The boulder beetle is lightly wounded.
The boulder beetle bites you! The orc closely misses you.
You hit the boulder beetle but do no damage.
The boulder beetle is lightly wounded.
The orc closely misses you.
You hit the boulder beetle but do no damage.
The boulder beetle is lightly wounded.
The boulder beetle barely misses you. The orc misses you.
You hit the boulder beetle but do no damage.
The boulder beetle is lightly wounded.
The orc completely misses you.
You hit the boulder beetle.
The boulder beetle is lightly wounded.
The boulder beetle bites you!
* * * LOW HITPOINT WARNING * * *
The orc barely misses you.
You hit the boulder beetle but do no damage.
The boulder beetle is lightly wounded.
The orc hits you but does no damage.
You puncture the boulder beetle!
The boulder beetle is lightly wounded.
The boulder beetle completely misses you.
You hit the boulder beetle but do no damage.
The boulder beetle is lightly wounded.
The orc hits you but does no damage. The orc closely misses you.
You hit the boulder beetle but do no damage.
The boulder beetle is lightly wounded.
You hit the boulder beetle.
The boulder beetle is moderately wounded.
The boulder beetle bites you!!
You die...

##....# ... ..## #....##
.... #..# #...##
....##..## ##...#
.........#####...##
.................#####
.....................###
........................
......B@.......##.######
.....#.oo....####.# ...
#.....### #.# . ##...##
#.. #...# #.. ##.## #..#
#.## #..# #..# #..# #
#).#


You could see a boulder beetle (corroded) and 2 orcs.

Vanquished Creatures
  Joseph (D:7)
  A gargoyle (D:9)
  A kobold demonologist (D:7)
  Grinder (D:3)
  A wyvern (D:10)
  A steam dragon (D:9)
  2 two-headed ogre zombies (D:9)
  2 vampire mosquitoes (D:10)
  2 water moccasins
  2 black bears
  An ice beast (D:8)
  3 sky beasts
  An ogre (D:6)
  5 phantoms
  2 kobold brigands
  Blork the orc (D:6)
  2 bullfrogs
  A troll zombie (D:9)
  6 killer bees
  5 howler monkeys
  3 wights (D:8)
  2 bullfrog zombies (D:5)
  A centaur zombie (D:8)
  A gnoll shaman (D:5)
  2 hounds
  2 jellies
  3 centaur skeletons
  2 orc priests
  Jessica (D:3)
  Terence (D:3)
  6 iguanas
  An orc wizard (D:5)
  A killer bee zombie (D:5)
  5 ogre zombies (D:9)
  9 gnolls
  8 adders
  2 shadow imps
  A white imp (D:7)
  An ufetubus (D:6)
  2 adder skeletons (D:4)
  A worm (D:2)
  2 dart slugs
  7 orcs
  5 endoplasms
  12 giant cockroaches
  8 goblins
  2 hobgoblins
  4 jackals
  9 kobolds
  9 quokkas
  6 ball pythons
  4 frilled lizards
  2 goblin skeletons (D:9)
  2 goblin zombies (D:9)
  3 hobgoblin skeletons (D:9)
  3 hobgoblin zombies (D:9)
  An orc skeleton (D:9)
  14 orc zombies (D:9)
  2 rats
191 creatures vanquished.

Vanquished Creatures (collateral kills)
  An orc warrior (D:10)
  A howler monkey (D:9)
  2 wights (D:9)
  2 orcs (D:10)
6 creatures vanquished.

Vanquished Creatures (others)
  2 plants (D:6)
2 creatures vanquished.

Grand Total: 199 creatures vanquished

Notes
Turn   | Place    | Note
-------+----------+-------------------------------------------
     0 | D:1      | Urokeeper the Human Brigand began the quest for the Orb.
     0 | D:1      | Reached XP level 1. HP: 16/16 MP: 1/1
   355 | D:1      | Reached XP level 2. HP: 22/22 MP: 2/2
   947 | D:1      | Reached skill level 1 in Armour
   947 | D:1      | Reached XP level 3. HP: 28/28 MP: 3/3
  1928 | D:2      | You fall into a shaft and drop 1 floor!
  1930 | D:3      | Noticed Jessica
  1935 | D:3      | Killed Jessica
  1936 | D:3      | Reached XP level 4. HP: 34/34 MP: 4/4
  1959 | D:3      | Noticed Grinder
  1963 | D:3      | Killed Grinder
  1964 | D:3      | Reached skill level 5 in Stealth
  1964 | D:3      | Reached XP level 5. HP: 28/41 MP: 5/5
  1964 | D:3      | Reached XP level 6. HP: 32/47 MP: 6/6
  2146 | D:3      | Noticed Terence
  2155 | D:3      | Killed Terence
  2467 | D:3      | Found a snail-covered altar of Cheibriados.
  3249 | D:3      | Found Gacewk's Antique Weapon Shop.
  3819 | D:4      | Reached XP level 7. HP: 53/53 MP: 7/7
  4001 | D:4      | Found a staircase to the Ecumenical Temple.
  4023 | Temple   | Entered the Ecumenical Temple
  4439 | Temple   | Became a worshipper of Makhleb the Destroyer
  4521 | D:4      | Found a blossoming altar of Fedhas.
  4521 | D:4      | Found a large runed translucent door.
  4525 | D:4      | Found a large runed translucent door.
  4691 | D:4      | Found a large runed translucent door.
  4691 | D:4      | Found a large runed translucent door.
  5579 | D:4      | Reached XP level 8. HP: 22/61 MP: 8/8
  5597 | D:4      | Reached skill level 6 in Stealth
  5886 | D:4      | Reached * piety under Makhleb
  6123 | D:5      | Entered Level 5 of the Dungeon
  6277 | D:5      | Found a shimmering blue altar of Sif Muna.
  6350 | D:5      | Reached skill level 5 in Short Blades
  6363 | D:5      | Reached skill level 5 in Fighting
  6581 | D:5      | Found a basalt altar of Yredelemnul.
  7215 | D:6      | Found a white marble altar of Elyvilon.
  7215 | D:6      | Found a stormy altar of Qazlal.
  7224 | D:6      | Reached skill level 5 in Armour
  7224 | D:6      | Reached skill level 7 in Stealth
  7224 | D:6      | Reached XP level 9. HP: 63/68 MP: 9/9
  7253 | D:6      | Found a faded altar of an unknown god.
  7255 | D:6      | Found an iron altar of Okawaru.
  7257 | D:6      | Found a broken altar of Ashenzari.
  7287 | D:6      | Noticed Blork the orc
  7314 | D:6      | Killed Blork the orc
  7625 | D:7      | Noticed Joseph
  7643 | D:7      | Killed Joseph
  7699 | D:7      | Noticed a kobold demonologist
  7754 | D:7      | Killed a kobold demonologist
  7912 | D:7      | Reached skill level 8 in Stealth
  8437 | D:7      | Noticed a gargoyle
  8708 | D:8      | Reached ** piety under Makhleb
  8709 | D:8      | Reached XP level 10. HP: 60/77 MP: 10/10
  9266 | D:8      | Found a hide-covered altar of Uskayaw.
  9895 | D:9      | Found a staircase to the Orcish Mines.
 10600 | D:9      | Reached *** piety under Makhleb
 10694 | D:9      | Noticed a gargoyle
 11048 | D:9      | Reached skill level 9 in Stealth
 11095 | D:9      | Killed a gargoyle
 11156 | D:10     | Entered Level 10 of the Dungeon
 12126 | D:10     | Noticed a boulder beetle
 12159 | D:10     | Mangled by a boulder beetle

Illustrated notes

Levels and vault maps discovered:
D:1:      dpeg_arrival_pond, layout_loops_ring, kennysheep_flooded_box,
          minmay_nonomino_d4
D:2:      layout_basic, shapermc_ecumenical_altar_notcrosses,
          corexii_hall_statues_u, feat_on_display
D:3:      layout_basic, kennysheep_slug_shrine, serial_shops, shop,
          hangedman_glass_teeth, uniq_jessica, uniq_grinder, uniq_terence
D:4:      layout_cave_pods, fedhas_altar_2, temple_fountains,
          gup_sewer_entry_bubbles, minmay_hollow_rounded_squares
D:5:      layout_basic, mainiacjoe_overflow_cross_hatched, lemuel_tele_altar
D:6:      layout_basic, chequers_temple_overflow_minitemple,
          serial_bayou_pond_e, uniq_blork_the_orc
D:7:      layout_cave_pools, enter_bailey_3, serial_shops, kennysheep_mini,
          minmay_alternating_orb, uniq_joseph
D:8:      layout_loops_cross, mainiacjoe_overflow_chevrons,
          hangedman_abyss_or_decor_passed
D:9:      layout_roguey, riverfiend_overflow_shadow_ancestor, vehumet_statue,
          nicolae_ru_sacrificial_ziggurat, zombieorc2_lemuel,
          skrybe_limestone_x, small_chamber_with_monster
D:10:     layout_layer_cave, nooodl_orcs_dogs
Temple:   compressed_dpeg_triangle_lava_temple

Skill      XL: |  1  2  3  4  5  6  7  8  9 10 |
---------------+-------------------------------+-----
Armour         | 1 2 3 5 6 7 |  7.4
Fighting       | 3 4 5 6 7 |  7.7
Short Blades   | 3 4 5 6 7 |  7.8
Stealth        | 5 7 8 9 |  9.2
Dodging        | 3 |  3.0
Throwing       | |  2.0

Action                   |  1- 3 |  4- 6 |  7- 9 | 10-12 || total
-------------------------+-------+-------+-------+-------++-------
Melee: Dagger            |    41 |       |       |       ||    41
       Short sword       |    55 |   120 |   561 |   468 ||  1204
Throw: Dart              |     3 |     3 |     8 |     2 ||    16
       Javelin           |       |     3 |     6 |       ||     9
Invok: Lesser Servant of |       |       |       |     2 ||     2
Evoke: Lightning rod     |       |       |     5 |     1 ||     6
       Wand              |       |       |       |    20 ||    20
  Use: Scroll            |       |     4 |     5 |     5 ||    14
       Potion            |       |     1 |     4 |     3 ||     8
 Stab: Sleeping          |     6 |     3 |    14 |     6 ||    29
       Distracted        |       |       |     1 |       ||     1
       Paralysed         |       |       |       |     3 ||     3
Armor: Robe              |    21 |       |       |       ||    21
       Ring mail         |       |    21 |    50 |       ||    71
       Leather armour    |       |       |    65 |    84 ||   149
Dodge: Dodged            |    33 |    40 |   199 |   237 ||   509
